Map: Old Republic LE

Players

XxTipTopxX - Winner!

  • Race: Protoss Protoss
  • League: Master
  • Spawn Location: 7:00

SCIInewby

  • Race: Protoss Protoss
  • League: Master
  • Spawn Location: 1:00

VOD

Have the link to the VOD?

Description

Time

  • Played on: Feb. 6, 2026, 11:20 a.m.
  • Length: 8:47
Show
View Real Time Build Order
Export as new Build Order

XxTipTopxX Protoss - Winner!

Build Orders:  

Get SALT Encoding   

  12  0:00  Probe  
  13  0:16  Pylon  
  13  0:35  Forge  
  13  0:44  Pylon  
  13  0:59  Pylon  
  13  1:06  Pylon  
  13  1:13  Pylon  
  12  1:25  Photon Cannon  
  12  1:29  Pylon  
  12  1:33  Pylon  
  12  1:42  Gateway  
  12  1:46  Assimilator  
  12  1:50  Probe, Assimilator  
  13  1:58  Probe  
  13  2:07  Probe  
  14  2:08  Photon Cannon  
  14  2:15  Probe  
  16  2:23  Probe  
  17  2:35  Cybernetics Core  
  17  2:44  Pylon  
  17  2:52  Pylon  
  17  2:57  Pylon  
  16  3:13  Warp Gate, Probe  
  17  3:21  Probe  
  17  3:26  Gateway  
  18  3:29  Probe  
  18  3:32  Gateway  
  19  3:41  Probe  
  19  3:44  Gateway  
  20  3:56  Pylon  
  20  4:07  Twilight Council  
  20  4:16  Gateway  
  20  4:31  Robotics Facility  
  20  4:34  Charge  
  20  4:35  Photon Cannon  
  20  4:37  Probe  
  20  4:45  Probe  
  22  5:09  Protoss Ground Weapons Level 1  
  22  5:10  Warp Prism  
  24  5:46  Observer  
  25  6:24  Zealot x4  
  25  6:25  Zealot  
  35  6:47  Zealot x2  
  35  6:48  Zealot x3  
  42  7:13  Zealot x5  
  34  7:42  Zealot x5  
  40  8:20  Zealot x4  
  40  8:22  Zealot  
  38  8:41  Zealot x3  
  38  8:42  Zealot  
Show
View Real Time Build Order
Export as new Build Order

SCIInewby Protoss 

Build Orders:  

Get SALT Encoding   

  12  0:00  Probe  
  13  0:13  Probe  
  14  0:24  Pylon  
  14  0:28  Probe  
  15  0:42  Probe  
  16  0:54  Probe  
  17  1:06  Probe  
  19  1:18  Probe  
  19  1:30  Probe  
  20  1:41  Forge  
  20  1:42  Probe  
  21  1:54  Probe  
  21  1:59  Assimilator x2  
  21  2:06  Gateway  
  21  2:15  Pylon  
  21  2:23  Probe  
  21  2:28  Assimilator  
  22  3:12  Zealot  
  24  3:19  Nexus  
  24  3:23  Probe  
  25  3:33  Cybernetics Core  
  25  3:35  Probe  
  25  3:39  Zealot  
  25  3:40  Photon Cannon  
  28  3:47  Probe  
  29  3:56  Pylon  
  29  3:59  Probe  
  29  4:02  Assimilator  
  30  4:12  Probe  
  30  4:14  Zealot  
  33  4:20  Gateway  
  33  4:21  Gateway  
  33  4:25  Protoss Ground Weapons Level 1  
  33  4:26  Gateway  
  33  4:31  Warp Gate  
  33  4:34  Pylon  
  33  4:44  Pylon  
  33  4:50  Probe  
  33  4:51  Probe  
  35  4:58  Probe  
  35  4:59  Probe  
  35  5:07  Probe  
  37  5:08  Twilight Council  
  37  5:12  Zealot  
  40  5:18  Zealot  
  42  5:22  Probe  
  42  5:23  Probe  
  46  5:28  Zealot  
  46  5:33  Zealot  
  48  5:40  Probe x2  
  50  5:53  Robotics Facility  
  50  5:55  Robotics Facility  
  50  5:56  Probe x2  
  52  6:16  Probe x2, Protoss Shields Level 1  
  54  6:20  Charge  
  54  6:28  Probe  
  55  6:33  Stalker  
  55  6:36  Zealot  
  55  6:37  Zealot  
  55  6:40  Protoss Air Weapons Level 1  
  51  7:00  Probe  
  51  7:01  Probe  
  53  7:12  Probe  
  53  7:13  Probe  
  49  7:18  Zealot  
  49  7:20  Zealot  
  49  7:21  Zealot x2  
  45  7:25  Probe  
  43  7:43  Zealot x2  
  43  7:44  Zealot x2  
  42  8:06  Nexus  
  42  8:07  Zealot  
  30  8:22  Zealot x2  
  30  8:24  Zealot  
  21  8:38  Stalker  
Tags
 
Matchup
PvP
Replay Pack
Multiplayer
Spawn Locations
Cross Positions
Add a new tag
Caveats
  • Supply blocks, unpowered buildings, or Contaminate may cause inaccurate times.
  • Supply counts are checked every 10 seconds.